SNL (28 & UNDER)
WICHITA WRANGLERS @ MEMPHIS BLUES
08/16/2030
 
TOP OF THE 1ST
Wichita Wranglers batting - Pitching for Memphis Blues : RHP Mike Clay
Pitching: RHP Mike Clay
Batting: LHB Terry Neal 0-0: Ball
1-0: Ball
2-0: Called Strike
2-1: SINGLE (Flyball, 8LS)
Batting: RHB Henry Edwards 0-0: Foul Ball, location: 2F
0-1: Ball
1-1: Fielders Choice at 2nd, 1-6 (Groundball, 13)
Batting: RHB Stan Taylor 0-0: Ball
1-0: Called Strike
1-1: Ball
2-1: Called Strike
2-2: Strikes out swinging
Batting: LHB Chris Gibson 0-0: Ball
1-0: Fly out, F7 (Flyball, 78D)
Top of the 1st over - 0 runs, 1 hit, 0 errors, 1 left on base; Wichita 0 - Memphis 0
BOTTOM OF THE 1ST
Memphis Blues batting - Pitching for Wichita Wranglers : LHP António Ruíz
Pitching: LHP António Ruíz
Batting: RHB Albert Morán 0-0: Ball
1-0: Foul Ball, location: 2F
1-1: Foul Ball, location: 2F
1-2: Foul Ball, location: 2F
1-2: Ball
2-2: Ball
3-2: Ground out 6-3 (Groundball, 56)
Batting: RHB Brandon Townsley 0-0: SINGLE (Flyball, 7S)
Batting: SHB Fernando Gutiérrez 0-0: Called Strike
0-1: Fly out, F8 (Flyball, 89M)
Batting: RHB Julian Lee 0-0: Ball
1-0: Ball
2-0: Ground out 4-3 (Groundball, 34)
Bottom of the 1st over - 0 runs, 1 hit, 0 errors, 1 left on base; Wichita 0 - Memphis 0
TOP OF THE 2ND
Wichita Wranglers batting - Pitching for Memphis Blues : RHP Mike Clay
Batting: LHB Dudley Cooper 0-0: Called Strike
0-1: Called Strike
0-2: Strikes out swinging
Batting: LHB José Guerrero 0-0: Called Strike
0-1: DOUBLE (Flyball, 78D)
Batting: LHB Travis Jefferson 0-0: Ball
1-0: Ball
2-0: Called Strike
2-1: Ball
3-1: SINGLE (Line Drive, 4M)
José Guerrero to third
Batting: RHB Travis Ezell 0-0: Ball
Travis Jefferson steals 2nd base
1-0: Called Strike
1-1: Called Strike
1-2: Strikes out swinging
Batting: RHB Mauro Paredes 0-0: Ball
1-0: Ball
2-0: Swinging Strike
2-1: Swinging Strike
2-2: Ball
3-2: SINGLE (Line Drive, 9S)
José Guerrero scores
Travis Jefferson to third
Travis Jefferson scores
Batting: LHB Terry Neal 0-0: Foul Ball, location: 2F
0-1: Ball
1-1: Foul Ball, location: 2F
1-2: Ball
2-2: Foul Ball, location: 2F
2-2: Ground out 4-3 (Groundball, 4)
Top of the 2nd over - 2 runs, 3 hits, 0 errors, 1 left on base; Wichita 2 - Memphis 0
BOTTOM OF THE 2ND
Memphis Blues batting - Pitching for Wichita Wranglers : LHP António Ruíz
Batting: RHB Ryan Nelson 0-0: Called Strike
0-1: Ball
1-1: Called Strike
1-2: SOLO HOME RUN (Flyball, 7LD), Distance : 364 ft
Batting: RHB Glenn Melican 0-0: Ball
1-0: Ground out 1-3 (Groundball, 13S)
Batting: SHB Hang-ki Yue 0-0: Foul Ball, location: 2F
0-1: Called Strike
0-2: Strikes out swinging
Batting: LHB Freddy Torres 0-0: Called Strike
0-1: Ball
1-1: Ball
2-1: Ball
3-1: Called Strike
3-2: Fly out, F8 (Flyball, 8LM)
Bottom of the 2nd over - 1 run, 1 hit, 0 errors, 0 left on base; Wichita 2 - Memphis 1
TOP OF THE 3RD
Wichita Wranglers batting - Pitching for Memphis Blues : RHP Mike Clay
Batting: RHB Henry Edwards 0-0: Ball
1-0: Fly out, F7 (Flyball, 7LS)
Batting: RHB Stan Taylor 0-0: Ball
1-0: Foul Ball, location: 2F
1-1: DOUBLE (Line Drive, 7LD)
Batting: LHB Chris Gibson 0-0: Ball
Throwing error on steal attempt, E2
Stan Taylor scores
1-0: Foul Ball, location: 2F
1-1: Ball
2-1: Fly out, F8 (Flyball, 8RXD)
Batting: LHB Dudley Cooper 0-0: Swinging Strike
0-1: Called Strike
0-2: Strikes out looking
Top of the 3rd over - 1 run, 1 hit, 1 error, 0 left on base; Wichita 3 - Memphis 1
BOTTOM OF THE 3RD
Memphis Blues batting - Pitching for Wichita Wranglers : LHP António Ruíz
Batting: RHB Miguel Mendoza 0-0: Swinging Strike
0-1: Foul Ball, location: 2F
0-2: Fly out, F9 (Flyball, 89M)
Batting: RHB Albert Morán 0-0: Ball
1-0: Ball
2-0: Ball
3-0: Called Strike
3-1: Base on Balls
Batting: RHB Brandon Townsley 0-0: Called Strike
0-1: Called Strike
0-2: Ball
1-2: Ball
2-2: Strikes out looking
Batting: SHB Fernando Gutiérrez 0-0: Called Strike
0-1: Ball
1-1: Foul Ball, location: 2F
1-2: Strikes out swinging
Bottom of the 3rd over - 0 runs, 0 hits, 0 errors, 1 left on base; Wichita 3 - Memphis 1
TOP OF THE 4TH
Wichita Wranglers batting - Pitching for Memphis Blues : RHP Mike Clay
Batting: LHB José Guerrero 0-0: Ball
1-0: Foul Ball, location: 2F
1-1: SINGLE (Line Drive, 8LS)
Batting: LHB Travis Jefferson 0-0: Foul Ball, location: 2F
0-1: Swinging Strike
0-2: Fielders Choice at 2nd, 6-4 (Groundball, 6)
Batting: RHB Travis Ezell 0-0: Ball
1-0: Called Strike
1-1: Swinging Strike
1-2: Strikes out swinging
Batting: RHB Mauro Paredes 0-0: Called Strike
0-1: Foul Ball, location: 2F
0-2: Foul Ball, location: 2F
0-2: Ball
1-2: Strikes out swinging
Top of the 4th over - 0 runs, 1 hit, 0 errors, 1 left on base; Wichita 3 - Memphis 1
BOTTOM OF THE 4TH
Memphis Blues batting - Pitching for Wichita Wranglers : LHP António Ruíz
Batting: RHB Julian Lee 0-0: Called Strike
0-1: Ball
1-1: Foul Ball, location: 2F
1-2: SINGLE (Flyball, 78M)
Batting: RHB Ryan Nelson 0-0: Called Strike
0-1: Fly out, F8 (Flyball, 8RM)
Batting: RHB Glenn Melican 0-0: Ball
1-0: Called Strike
1-1: Ball
Julian Lee is caught stealing 2nd base
2-1: Ground out 5-3 (Groundball, 56S)
Bottom of the 4th over - 0 runs, 1 hit, 0 errors, 0 left on base; Wichita 3 - Memphis 1
TOP OF THE 5TH
Wichita Wranglers batting - Pitching for Memphis Blues : RHP Mike Clay
Batting: LHB Terry Neal 0-0: Called Strike
0-1: Foul Ball, location: 2F
0-2: Ball
1-2: Foul Ball, location: 2F
1-2: Ground out 1-3 (Groundball, 13)
Batting: RHB Henry Edwards 0-0: Foul Ball, location: 2F
0-1: Ball
1-1: Called Strike
1-2: SOLO HOME RUN (Line Drive, 7LD), Distance : 375 ft
Batting: RHB Stan Taylor 0-0: Called Strike
0-1: Ball
1-1: Ground out 5-3 (Groundball, 56S)
Batting: LHB Chris Gibson 0-0: Ball
1-0: Swinging Strike
1-1: Foul Ball, location: 2F
1-2: Ground out 6-3 (Groundball, 6)
Top of the 5th over - 1 run, 1 hit, 0 errors, 0 left on base; Wichita 4 - Memphis 1
BOTTOM OF THE 5TH
Memphis Blues batting - Pitching for Wichita Wranglers : LHP António Ruíz
Batting: SHB Hang-ki Yue 0-0: Ball
1-0: Fly out, F6 (Popup, 15S)
Batting: LHB Freddy Torres 0-0: Ball
1-0: Ball
2-0: Called Strike
2-1: Foul Ball, location: 2F
2-2: Ball
3-2: Base on Balls
Batting: RHB Miguel Mendoza 0-0: Ball
1-0: Ball
2-0: Called Strike
2-1: Foul Ball, location: 2F
2-2: Strikes out looking
Batting: RHB Albert Morán 0-0: DOUBLE (Line Drive, 89M)
Freddy Torres to third
Runner from 3rd tries for Home, SAFE, no throw
Batting: RHB Brandon Townsley 0-0: Ground out 4-3 (Groundball, 4S)
Bottom of the 5th over - 1 run, 1 hit, 0 errors, 1 left on base; Wichita 4 - Memphis 2
TOP OF THE 6TH
Wichita Wranglers batting - Pitching for Memphis Blues : RHP Mike Clay
Batting: LHB Dudley Cooper 0-0: Ball
1-0: Ground out 3-1 (Groundball, 34)
Batting: LHB José Guerrero 0-0: Ball
1-0: Ground out 6-3 (Groundball, 6)
Batting: LHB Travis Jefferson 0-0: Called Strike
0-1: Foul Ball, location: 2F
0-2: Ball
1-2: Hit by Pitch
Batting: RHB Travis Ezell 0-0: Hit by Pitch
Travis Jefferson to second
Batting: RHB Mauro Paredes 0-0: SINGLE (Groundball, 4MS) (infield hit)
Travis Jefferson to third
Travis Ezell to second
Batting: LHB Terry Neal 0-0: Swinging Strike
0-1: Ball
1-1: Ball
2-1: Foul Ball, location: 2F
2-2: Ball
3-2: Ground out U3 (Groundball, 34S)
Top of the 6th over - 0 runs, 1 hit, 0 errors, 3 left on base; Wichita 4 - Memphis 2
BOTTOM OF THE 6TH
Memphis Blues batting - Pitching for Wichita Wranglers : LHP António Ruíz
Batting: SHB Fernando Gutiérrez 0-0: Ball
1-0: Swinging Strike
1-1: Ball
2-1: Ball
3-1: Foul Ball, location: 2F
3-2: Strikes out swinging
Batting: RHB Julian Lee 0-0: Foul Ball, location: 2F
0-1: Ball
1-1: Swinging Strike
1-2: Ball
2-2: SINGLE (Groundball, 5D)
Batting: RHB Ryan Nelson 0-0: Called Strike
0-1: Ball
1-1: Fly out, F7 (Flyball, 7D)
Batting: RHB Glenn Melican 0-0: Ball
1-0: SINGLE (Groundball, 6D)
Julian Lee to second
Batting: SHB Hang-ki Yue 0-0: Called Strike
0-1: Fly out, F7 (Line Drive, 7D)
Bottom of the 6th over - 0 runs, 2 hits, 0 errors, 2 left on base; Wichita 4 - Memphis 2
TOP OF THE 7TH
Wichita Wranglers batting - Pitching for Memphis Blues : RHP Mike Clay
Pitching: RHP Fernando Llama
Batting: RHB Henry Edwards 0-0: Ball
1-0: Fly out, F8 (Flyball, 8LS)
Batting: RHB Stan Taylor 0-0: Ball
1-0: Foul Ball, location: 2F
1-1: Ball
2-1: Foul Ball, location: 2F
2-2: Foul Ball, location: 2F
2-2: Foul Ball, location: 2F
2-2: Ground out U3 (Groundball, 34S)
Batting: LHB Chris Gibson 0-0: Called Strike
0-1: Called Strike
0-2: Fly out, F6 (Popup, 6D)
Top of the 7th over - 0 runs, 0 hits, 0 errors, 0 left on base; Wichita 4 - Memphis 2
BOTTOM OF THE 7TH
Memphis Blues batting - Pitching for Wichita Wranglers : LHP António Ruíz
Batting: LHB Freddy Torres 0-0: Swinging Strike
0-1: Foul Ball, location: 2F
0-2: Reached via error on a dropped throw, E1
Batting: RHB Miguel Mendoza 0-0: Called Strike
0-1: 2-RUN HOME RUN (Flyball, 9LD), Distance : 356 ft
Batting: RHB Albert Morán 0-0: Ball
1-0: Ball
2-0: Swinging Strike
2-1: Ball
3-1: Base on Balls
Batting: RHB Brandon Townsley 0-0: Ball
1-0: Ball
2-0: Ball
3-0: Called Strike
3-1: Swinging Strike
3-2: Foul Ball, location: 2F
3-2: Strikes out looking
Pitching: RHP Kirby Graham
Batting: SHB Fernando Gutiérrez 0-0: Ball
1-0: Called Strike
1-1: Ball
2-1: Ball
3-1: Foul Ball, location: 2F
3-2: SINGLE (Groundball, 6MD)
Albert Morán to second
Runner from 2nd tries for 3rd, SAFE, no throw
Batting: RHB Julian Lee 0-0: Ball
1-0: Ball
2-0: Ball
3-0: Called Strike
3-1: Called Strike
3-2: Base on Balls
Fernando Gutiérrez to second
Batting: RHB Ryan Nelson 0-0: Fly out, F9 (Flyball, 89M)
Runner from 3rd tags up, SCORES, no throw
Pinch Hitting: LHB Pedro Ramos 0-0: Ball
1-0: Foul Ball, location: 2F
1-1: Ball
2-1: Ground out 1-3 (Groundball, P)
Bottom of the 7th over - 3 runs, 2 hits, 1 error, 2 left on base; Wichita 4 - Memphis 5
TOP OF THE 8TH
Wichita Wranglers batting - Pitching for Memphis Blues : RHP Fernando Llama
Now at 1B: Wilson Flores
Now at 2B: José Velásquez
Batting: LHB Dudley Cooper 0-0: Called Strike
0-1: SINGLE (Flyball, 89S)
Pinch Runner at 1st Julián Espinoza:
Batting: LHB José Guerrero 0-0: Ball
1-0: Foul Ball, location: 2F
1-1: Ground out 5-3 (Groundball, 5)
Julián Espinoza to second
Batting: LHB Travis Jefferson 0-0: Ball
1-0: Ball
2-0: Foul Ball, location: 2F
2-1: Called Strike
2-2: Strikes out swinging
Batting: RHB Travis Ezell 0-0: SINGLE (Groundball, 6MD)
Julián Espinoza to third
Runner from 3rd tries for Home, SAFE, throw made home
Travis Ezell to second
Batting: RHB Mauro Paredes 0-0: SINGLE (Groundball, 56S) (infield hit)
Travis Ezell to third
Batting: LHB Terry Neal 0-0: Called Strike
0-1: Ground out 5-3 (Groundball, 56)
Top of the 8th over - 1 run, 3 hits, 0 errors, 2 left on base; Wichita 5 - Memphis 5
BOTTOM OF THE 8TH
Memphis Blues batting - Pitching for Wichita Wranglers : RHP Kirby Graham
Now at 1B: Julián Espinoza
Batting: SHB Hang-ki Yue 0-0: Swinging Strike
0-1: Ball
1-1: Foul Ball, location: 2F
1-2: Ball
2-2: Foul Ball, location: 2F
2-2: Ball
3-2: Foul Ball, location: 2F
3-2: Ground out 1-3 (Groundball, P)
Batting: LHB Freddy Torres 0-0: Foul Ball, location: 2F
0-1: Foul Ball, location: 2F
0-2: Ball
1-2: Strikes out swinging
Batting: RHB Miguel Mendoza 0-0: Ball
1-0: Called Strike
1-1: Fly out, F9 (Flyball, 9D)
Bottom of the 8th over - 0 runs, 0 hits, 0 errors, 0 left on base; Wichita 5 - Memphis 5
TOP OF THE 9TH
Wichita Wranglers batting - Pitching for Memphis Blues : RHP Fernando Llama
Pitching: LHP Peter Turner
Batting: RHB Henry Edwards 0-0: Ball
1-0: Ball
2-0: Called Strike
2-1: Swinging Strike
2-2: SINGLE (Line Drive, 78S)
Batting: RHB Stan Taylor 0-0: Ball
1-0: Swinging Strike
1-1: Ball
2-1: Fly out, F9 (Flyball, 89S)
Pinch Hitting: RHB Taylor Justice 0-0: Ball
1-0: Swinging Strike
1-1: Foul Ball, location: 2F
1-2: Ball
2-2: DOUBLE (Line Drive, 7LS)
Henry Edwards to third
Pinch Hitting: RHB Hubert MacDonald 0-0: Intentional Walk
Batting: LHB José Guerrero 0-0: Foul Ball, location: 2F
0-1: Foul Ball, location: 2F
0-2: Foul Ball, location: 2F
0-2: Ball
1-2: Ball
2-2: Foul Ball, location: 2F
2-2: Strikes out swinging
Pinch Hitting: RHB Ricardo Velásquez 0-0: Ball
1-0: Called Strike
1-1: Foul Ball, location: 2F
1-2: Ball
2-2: Ball
3-2: Base on Balls
Henry Edwards scores
Taylor Justice to third
Hubert MacDonald to second
Batting: RHB Travis Ezell 0-0: Called Strike
0-1: Foul Ball, location: 2F
0-2: Ball
1-2: Ball
2-2: Strikes out swinging
Top of the 9th over - 1 run, 2 hits, 0 errors, 3 left on base; Wichita 6 - Memphis 5
BOTTOM OF THE 9TH
Memphis Blues batting - Pitching for Wichita Wranglers : RHP Kirby Graham
Pitching: LHP Pedro Rodríguez
Now at 1B: Hubert MacDonald
Now at 2B: Ricardo Velásquez
Now in RF: Dan Dunn
Batting: RHB Albert Morán 0-0: Swinging Strike
0-1: Ball
1-1: Ball
2-1: Ball
3-1: Foul Ball, location: 2F
3-2: SINGLE (Flyball, 7LS)
Batting: RHB Brandon Townsley 0-0: Called Strike
0-1: Foul Ball, location: 2F
0-2: Ball
1-2: Ball
2-2: Foul Ball, location: 2F
2-2: Foul Ball, location: 2F
2-2: Foul Ball, location: 2F
2-2: Foul Ball, location: 2F
2-2: Strikes out swinging
Batting: SHB Fernando Gutiérrez 0-0: Ball
1-0: Ball
2-0: Ball
3-0: Called Strike
3-1: Called Strike
3-2: SINGLE (Line Drive, 89S)
Albert Morán to second
Batting: RHB Julian Lee 0-0: Called Strike
0-1: Ball
1-1: Foul Ball, location: 2F
1-2: Ball
2-2: Strikes out swinging
Batting: RHB Wilson Flores 0-0: Ball
1-0: Ball
2-0: Ball
3-0: Called Strike
3-1: Foul Ball, location: 2F
3-2: Base on Balls
Albert Morán to third
Fernando Gutiérrez to second
Pinch Hitting: RHB Artie Green 0-0: Ball
1-0: Swinging Strike
1-1: Ball
2-1: Called Strike
2-2: Ball
3-2: Strikes out looking
Bottom of the 9th over - 0 runs, 2 hits, 0 errors, 3 left on base; Wichita 6 - Memphis 5
Saturday, April 7th, 2018 - OOTP Baseball 18.8 Build 76